[Event "VII Totalizator Sportowy 2022"]
[Site "Bydgoszcz"]
[Date "2022.07.02"]
[Round "8.20"]
[White "Jarocka, Liwia"]
[Black "Dzhuguryan, Tygran"]
[Result "0-1"]
[ECO "E10"]
[WhiteElo "2006"]
[BlackElo "2203"]
[Annotator "RC"]
[PlyCount "86"]
[EventDate "2022.06.25"]
[EventType "swiss"]
[EventCountry "POL"]
[SourceTitle "playchess.com"]
[Source "ChessBase"]
[SourceQuality "1"]
[TimeControl "40/5400+30:1800+30"]

1. d4 Nf6 2. c4 e6 3. Nf3 d5 4. g3 Bb4+ 5. Bd2 Be7 6. Bg2 O-O 7. O-O dxc4 8. Qc2 a6 9. a4 Bd7 10. Ne5 Bc6 11. Nxc6 Nxc6 12. e3 Nd5 13. Qxc4 a5 14. Nc3 Ncb4 15. Qe2 c6 16. e4 Nf6 17. Be3 Re8 18. Rad1 Bf8 19. g4 Qc7 20. h4 Rad8 21. h5 e5 22. dxe5 Qxe5 23. g5 Nd7 24. f4 Qc7 25. e5 Nc5 26. Bxc5 Bxc5+ 27. Kh1 Rxd1 28. Rxd1 Rd8 29. Ne4 Bf8 30. Rg1 Nd3 31. Qg4 Rd4 32. Qg3 Kh8 33. Qe3 Qd7 34. g6 Qf5 35. Rf1 Qxh5+ 36. Kg1 Rxe4 37. Qxd3 Bc5+ 38. Rf2 Bxf2+ 39. Kxf2 Rxf4+ 40. Kg1 hxg6 41. Qd6 Qf5 42. Qb8+ Kh7 43. Qxb7 Qxe5 0-1

[Event "VII Totalizator Sportowy 2022"]
[Site "Bydgoszcz"]
[Date "2022.07.02"]
[Round "8.21"]
[White "Ratajczak, Hubert"]
[Black "Starosciak, Szymon"]
[Result "1-0"]
[ECO "A25"]
[WhiteElo "1899"]
[BlackElo "1901"]
[Annotator "NA RC"]
[PlyCount "51"]
[EventDate "2022.06.25"]
[EventType "swiss"]
[EventCountry "POL"]
[SourceTitle "playchess.com"]
[Source "ChessBase"]
[SourceQuality "1"]
[TimeControl "40/5400+30:1800+30"]

1. c4 e5 2. Nc3 Nc6 3. g3 g6 4. Bg2 Bg7 5. e3 Nf6 6. Nge2 O-O 7. O-O d6 8. d4 exd4 9. exd4 Re8 10. h3 Bf5 11. Be3 Ne4 12. g4 Nxc3 13. Nxc3 Bc8 14. Rc1 f5 15. Nd5 fxg4 16. hxg4 Qh4 17. Nxc7 Bxg4 18. Qd3 Nxd4 19. Bxd4 Be2 20. Bd5+ Kh8 21. Bxg7+ Kxg7 22. Nxe8+ Rxe8 23. Qg3 Qf6 24. Qc3 Re5 25. f4 Bxf1 26. fxe5 1-0

[Event "VII Totalizator Sportowy 2022"]
[Site "Bydgoszcz"]
[Date "2022.07.02"]
[Round "8.22"]
[White "Kolodziejski, Piotr"]
[Black "Zalega, Maciej"]
[Result "1-0"]
[ECO "B67"]
[WhiteElo "2107"]
[BlackElo "2051"]
[Annotator "NA RC"]
[PlyCount "79"]
[EventDate "2022.06.25"]
[EventType "swiss"]
[EventCountry "POL"]
[SourceTitle "playchess.com"]
[Source "ChessBase"]
[SourceQuality "1"]
[TimeControl "40/5400+30:1800+30"]

1. e4 c5 2. Ne2 Nc6 3. d4 cxd4 4. Nxd4 Nf6 5. Nc3 d6 6. Bg5 e6 7. Qd2 a6 8. O-O-O Bd7 9. f3 Be7 10. Kb1 Qc7 11. h4 h6 12. Be3 h5 13. Bg5 Nxd4 14. Qxd4 b5 15. Ne2 Rb8 16. Qd3 a5 17. Nd4 O-O 18. g3 Rfc8 19. c3 b4 20. c4 a4 21. Rc1 Qb7 22. Bh3 Rc7 23. Rhd1 Rbc8 24. Nb5 Bxb5 25. cxb5 Rc5 26. Bf1 d5 27. e5 Ne8 28. Be3 Rc4 29. Qd2 Rxc1+ 30. Rxc1 Rd8 31. Qd4 b3 32. a3 Rc8 33. Rxc8 Qxc8 34. Bd3 f6 35. f4 fxe5 36. fxe5 Qb8 37. b6 g6 38. Qxa4 Ng7 39. Bd4 Nf5 40. Bxf5 1-0

[Event "VII Totalizator Sportowy 2022"]
[Site "Bydgoszcz"]
[Date "2022.07.02"]
[Round "8.23"]
[White "Sliwicki, Damian"]
[Black "Kujawski, Adam"]
[Result "1/2-1/2"]
[ECO "C47"]
[WhiteElo "2168"]
[BlackElo "2246"]
[Annotator "TA"]
[PlyCount "326"]
[EventDate "2022.06.25"]
[EventType "swiss"]
[EventCountry "POL"]
[SourceTitle "playchess.com"]
[Source "ChessBase"]
[SourceQuality "1"]
[TimeControl "40/5400+30:1800+30"]

1. e4 e5 2. Nf3 Nc6 3. Nc3 Nf6 4. a3 d5 5. exd5 Nxd5 6. Bb5 Nxc3 7. bxc3 Bd6 8. d4 exd4 9. O-O O-O 10. Bg5 f6 11. Bh4 dxc3 12. Qd5+ Kh8 13. Bxc6 bxc6 14. Qxc6 Be6 15. Bg3 Qe8 16. Qxc3 Qg6 17. Rad1 Rad8 18. Bxd6 cxd6 19. Nd4 Bd5 20. Qh3 Rfe8 21. f4 Re3 22. f5 Qg5 23. Nf3 Bxf3 24. Rxf3 Rde8 25. Rdf1 h5 26. a4 Kg8 27. Rg3 Rxg3 28. Qxg3 Qxg3 29. hxg3 Re5 30. Rf4 Rc5 31. Rd4 Rxf5 32. Rxd6 Rc5 33. Kf1 a5 34. Ra6 Kh7 35. c4 Kg6 36. Ke2 Rxc4 37. Rxa5 Rc3 38. Kf2 Ra3 39. Ra7 Kh6 40. a5 g6 41. Ra8 Kg5 42. a6 Kg4 43. a7 Ra2+ 44. Kf1 Kf5 45. Kg1 Ra3 46. Kh2 Ra1 47. Rb8 Rxa7 48. Rb5+ Kg4 49. Rb6 Kg5 50. Rb5+ Kh6 51. Rb6 Kg7 52. Rc6 Ra1 53. Rc7+ Kh6 54. Rc6 Rf1 55. Rc5 Rf5 56. Rc8 Kg5 57. Rc4 Re5 58. Rb4 Rd5 59. Ra4 Kf5 60. Rb4 Ke5 61. Ra4 Kf5 62. Rf4+ Kg5 63. Ra4 Rd3 64. Rb4 Ra3 65. Rc4 Rb3 66. Ra4 Rb6 67. Rc4 Rd6 68. Rb4 f5 69. Ra4 Rd3 70. Rb4 Re3 71. Ra4 Re4 72. Ra6 Rg4 73. Rb6 Rd4 74. Ra6 Kh6 75. Rb6 Kg7 76. Rb5 Re4 77. Ra5 Kf6 78. Ra6+ Re6 79. Ra8 Rd6 80. Rb8 Rd7 81. Rb6+ Kg5 82. Rb4 Rh7 83. Rb6 Re7 84. Rb4 Kf6 85. Rb6+ Re6 86. Rb8 Re7 87. Rb6+ Kg7 88. Rb5 Rf7 89. Ra5 g5 90. Rb5 Kg6 91. Ra5 g4 $1 92. Ra6+ Kg5 (92... Rf6 $15 93. Ra8 Kg7) 93. Ra8 $1 $11 Rg7 94. Ra5 (94. Rf8 $11) 94... Rg8 $15 95. Rb5 Rh8 96. Ra5 Rf8 97. Rb5 h4 98. Ra5 hxg3+ 99. Kxg3 Rd8 100. Rb5 Rc8 101. Ra5 Rc3+ 102. Kf2 {[%emt 0:01:35] [#]} (102. Kh2 $1 $15) 102... Kf4 (102... Kh4 $1 $17 {White must now prevent ...f4.} 103. Ra4 Rc2+ 104. Kg1 f4 105. Rxf4 Kg3) 103. Ra4+ $11 Ke5 104. Ra5+ Ke4 105. Ra4+ Kd5 106. Ra8 g3+ 107. Ke2 $1 Rb3 108. Ra5+ Ke4 109. Ra4+ Ke5 110. Ra5+ Kf4 111. Ra4+ Kg5 112. Rc4 $1 f4 113. Rc8 Re3+ 114. Kf1 Re5 115. Rg8+ Kf5 116. Rf8+ Kg4 117. Rg8+ $1 Rg5 118. Ra8 Rb5 119. Rg8+ Kf5 (119... Rg5 $5 120. Rh8 Rg6 $17) 120. Rf8+ Ke4 121. Re8+ Kd4 122. Rd8+ Rd5 123. Rf8 Ke3 124. Re8+ Kd3 125. Rf8 Rd4 126. Ra8 Rd6 127. Rf8 Rb6 128. Rd8+ Ke4 129. Re8+ Kd5 130. Rd8+ Ke5 131. Re8+ Re6 132. Ra8 Kd4 133. Ra4+ Ke3 134. Ra3+ Ke4 135. Ra4+ Kf5 136. Ra5+ Re5 137. Ra8 $1 Rc5 138. Rf8+ Ke4 139. Re8+ Re5 140. Ra8 $1 Rd5 141. Re8+ Kd3 142. Rf8 Rd4 143. Ra8 $1 Kd2 144. Rf8 Re4 145. Rd8+ Kc3 146. Rc8+ Kd3 147. Rd8+ Ke3 148. Ra8 Rb4 149. Re8+ Kd3 150. Rd8+ Ke4 151. Re8+ Kd5 152. Rd8+ Ke6 153. Re8+ Kf7 154. Ra8 Rb2 155. Rc8 Rf2+ 156. Kg1 Ke6 157. Re8+ Kd5 158. Rd8+ Ke4 159. Re8+ Kd3 160. Rd8+ Ke2 161. Re8+ Kd1 162. Rd8+ $1 Ke1 163. Re8+ Re2 1/2-1/2

[Event "VII Totalizator Sportowy 2022"]
[Site "Bydgoszcz"]
[Date "2022.07.02"]
[Round "8.24"]
[White "Hulka, Valentyn"]
[Black "Malczyk, Radoslaw"]
[Result "1/2-1/2"]
[ECO "B12"]
[WhiteElo "2123"]
[BlackElo "2067"]
[Annotator "NA RC"]
[PlyCount "73"]
[EventDate "2022.06.25"]
[EventType "swiss"]
[EventCountry "POL"]
[SourceTitle "playchess.com"]
[Source "ChessBase"]
[SourceQuality "1"]
[TimeControl "40/5400+30:1800+30"]

1. e4 c6 2. d4 d5 3. e5 c5 4. dxc5 e6 5. a3 Bxc5 6. Nf3 f6 7. Bd3 Nc6 8. b4 Be7 9. Bb2 Nh6 10. c4 Nf7 11. cxd5 exd5 12. exf6 Bxf6 13. Qe2+ Kf8 14. h3 Bxb2 15. Qxb2 Qe7+ 16. Be2 Bf5 17. O-O Re8 18. Re1 Qd8 19. Nbd2 g5 20. b5 Nce5 21. Nxe5 Rxe5 22. Nf3 Re8 23. Rad1 h5 24. Bc4 Rxe1+ 25. Nxe1 Be6 26. Nc2 g4 27. Ne3 gxh3 28. Bxd5 Bxd5 29. Rxd5 Qe7 30. Nf5 Qe1+ 31. Kh2 Rg8 32. g3 Qe4 33. Qb4+ Qxb4 34. axb4 Rg4 35. Rd7 Rxb4 36. Rxb7 Ng5 37. Rg7 1/2-1/2

[Event "VII Totalizator Sportowy 2022"]
[Site "Bydgoszcz"]
[Date "2022.07.03"]
[Round "9.1"]
[White "Tomczak, Jacek"]
[Black "Heberla, Bartlomiej"]
[Result "1-0"]
[ECO "D35"]
[WhiteElo "2584"]
[BlackElo "2576"]
[Annotator "TA"]
[PlyCount "127"]
[EventDate "2022.06.25"]
[EventType "swiss"]
[EventCountry "POL"]
[SourceTitle "playchess.com"]
[Source "ChessBase"]
[SourceQuality "1"]
[TimeControl "40/5400+30:1800+30"]

1. d4 d5 2. c4 e6 3. Nc3 Nf6 4. cxd5 exd5 5. Bg5 c6 6. e3 h6 7. Bh4 Be7 8. Bd3 O-O 9. Qc2 {[%emt 0:01:47] 9.Nge2 deserves study.} Re8 {[%emt 0:00:03] D36: Queen's Gambit Declined: Exchange Variation: Main line (5 Bg5 c6 6 Qc2).} 10. Bg3 Nh5 {[%emt 0:28:53] [#]} 11. Bxb8 $146 ({Predecessor:} 11. Nge2 Bf6 12. b4 b5 13. O-O Nxg3 14. hxg3 a5 15. a3 axb4 16. axb4 Rxa1 17. Rxa1 {1-0 (57) Gallego San Martin,J-Alonso Centeno,J Valladolid 1989}) 11... Rxb8 {[%emt 0:00:29] Black has an edge.} 12. O-O-O Nf6 13. h3 Qa5 (13... b6 $15) 14. Kb1 $1 $11 Be6 15. Nge2 Rbc8 16. Nf4 c5 17. dxc5 Bxc5 {[%emt 0:01:57] aiming for ...Bb4.} 18. Nxe6 fxe6 19. Bg6 Red8 20. Qb3 Bb4 21. Ne2 Nd7 22. e4 Ne5 23. Nf4 Nxg6 (23... Rd6 $5 24. exd5 Bc3 25. Bf7+ (25. bxc3 $2 Rxc3 26. Rc1 Rxb3+ 27. axb3 Nxg6 $19) (25. dxe6 $2 Rb6 $19) (25. Qxb7 $2 Rcd8 $19) 25... Nxf7 26. dxe6 (26. bxc3 $2 Rxc3 27. Rd3 Rxb3+ $19) 26... Rb6 27. exf7+ Kf8 28. Ne6+ Ke7 29. f8=Q+ Rxf8 30. Nxf8 Qf5+ 31. Ka1 Rxb3 32. axb3 Qa5+ 33. Kb1 Qf5+ 34. Ka1 Qa5+ 35. Kb1 Kxf8 36. bxc3 Qxc3 $17) 24. Nxg6 Kh7 25. Nf4 dxe4 ({Better is} 25... Rf8 $1 $14 26. g3 (26. Nxe6 Rxf2 27. Rd4 Be7 $11) 26... Bd6) 26. Rxd8 $1 $16 (26. Nxe6 Rxd1+ 27. Rxd1 Re8 $11) 26... Rxd8 27. Qxe6 Qa4 (27... e3 $16) 28. Qxe4+ $18 (28. a3 Bxa3 29. Qg6+ (29. bxa3 Rd1+ 30. Rxd1 Qxd1+ 31. Kb2 Qd2+ 32. Kb3 Qxf4 $11) 29... Kg8 30. Qe6+ (30. bxa3 $2 Qb3+ 31. Ka1 Qxa3+ 32. Kb1 Qb4+ 33. Ka1 Rd6 $19) 30... Kh7 31. Qf5+ (31. bxa3 Rd1+ 32. Rxd1 Qxd1+ 33. Kb2 Qd2+ 34. Kb3 Qxf4 $11) 31... Kh8 $11) 28... Kh8 {[%emt 0:00:02] ( -> ...Rd1+)} 29. Nd3 ({Much less strong is} 29. Ng6+ $6 Kg8 30. a3 (30. Qe6+ Kh7 $11) 30... Qb3 31. Qxb4 (31. axb4 Rd1+ 32. Rxd1 Qxd1+ 33. Ka2 Qa4+ 34. Kb1 Qd1+ 35. Ka2 Qa4+ 36. Kb1 Qd1+ $11) 31... Qd3+ 32. Ka1 Qxg6) (29. a3 $18 Rd1+ 30. Rxd1 Qxd1+ 31. Ka2) 29... a5 $16 30. Qxb7 Qe8 (30... Rxd3 $2 31. Qa8+ Kh7 32. Qe4+ g6 33. Qxd3 $18) 31. Qf3 Qg6 32. Rd1 Rf8 (32... Be7 $16 33. Qe2 Bf6) 33. Qg4 $18 Qb6 34. Ka1 Be7 35. f4 Rb8 (35... Bf6 $16 36. Ne5 Bxe5 37. fxe5 Rf2 38. Qc8+ Kh7) 36. Qe2 Bf6 37. Ne5 a4 {[%emt 0:00:27] [#]} (37... Kg8 {is a better defense.} 38. Kb1 Qb4 39. Qc4+ Kh7 40. Qc2+ Kh8) 38. a3 $1 Qc5 39. Ka2 Rb3 (39... Qb6 $142 40. Kb1 Qb3) 40. Re1 Qd5 {[%emt 0:00:00] Threatens to win with ...Bxe5.} 41. Kb1 Rg3 42. Nf3 Qf5+ 43. Ka1 {[%emt 0:00:10] Strongly threatening Rc1.} Kh7 (43... Qxf4 $16 {was necessary.} 44. Qd3 Qb8) 44. Qd2 h5 45. Re2 Qc5 46. Qd3+ Kh6 47. Kb1 {[%emt 0:00:58] Inhibits Qc1+.} Qb6 48. Qc4 Qa5 $2 (48... Qb3 49. Qxb3 axb3) 49. Ka2 Kh7 $2 (49... Qa8 50. f5 Kh7) 50. Qe4+ Kh6 (50... g6 $142 51. Qc6 Bg7) 51. Ne5 Qa7 {[%emt 0:00:02] Prevents Nf7+.} 52. Rc2 {[%emt 0:00:56] Black must now prevent Rc6.} g6 53. Nf3 Qf7+ 54. Kb1 Qb3 $2 (54... Qd7 55. Qc4 Qf5) 55. Qc6 Bg7 56. Qc5 $2 (56. f5 $18 {is more deadly.} Qd3 57. f6) 56... Qd3 $16 57. Ka1 Rxg2 $2 (57... Qe4 $16 58. Ka2 Qxf4) 58. Rxg2 $18 Qf1+ 59. Ka2 {[%emt 0:00:08] White wants to mate with Qg5+.} Qxg2 {[%emt 0:00:02] [#]} 60. Qg5+ $1 Qxg5 61. fxg5+ Kh7 62. b3 axb3+ 63. Kxb3 {[%emt 0:00:03] White threatens Kc4 and mate.} Bf8 64. a4 {[%emt 0:00:06] Weighted Error Value: White=0.29 (precise) /Black=0.47} 1-0

[Event "VII Totalizator Sportowy 2022"]
[Site "Bydgoszcz"]
[Date "2022.07.03"]
[Round "9.2"]
[White "Krasenkow, Michal"]
[Black "Czarnota, Pawel"]
[Result "1/2-1/2"]
[ECO "E94"]
[WhiteElo "2576"]
[BlackElo "2502"]
[Annotator "TA"]
[PlyCount "89"]
[EventDate "2022.06.25"]
[EventType "swiss"]
[EventCountry "POL"]
[SourceTitle "playchess.com"]
[Source "ChessBase"]
[SourceQuality "1"]
[TimeControl "40/5400+30:1800+30"]

1. Nf3 Nf6 2. d4 g6 3. c4 Bg7 4. Nc3 O-O 5. e4 d6 6. Be2 e5 7. O-O Na6 8. Re1 c6 9. Bf1 exd4 10. Nxd4 Ng4 11. h3 Qb6 12. hxg4 Qxd4 13. Qf3 Qb6 {[%emt 0:07:44] [#] E94: King's Indian: Classical: 6 Be2 e5 7 0-0: Various Black 7th moves.} 14. Re2 $5 $146 {[%emt 0:19:54][%cal Be1e2,Be2c2,Bc2c1][%mdl 8] New and interesting.} ({Predecessor:} 14. Rd1 Be5 15. Rb1 Nc5 16. Be3 Qc7 17. Bh6 Re8 18. b4 Ne6 19. Qe3 g5 20. g3 Qb6 21. c5 dxc5 {1-0 (41) Fridman,D (2665)-Bojkov,D (2505) Belgium 2010}) 14... Be6 15. Rc2 Nb4 {[%emt 0:10:49] White has an edge.} 16. Be3 Qa6 (16... Nxc2 17. Bxb6 axb6 18. Rd1 $16) 17. Rcc1 {[%emt 0:03:09] Strongly threatening a3.} Bxc4 18. Bxc4 Qxc4 19. Nd5 $1 Qb5 (19... cxd5 $11 {is superior.} 20. Rxc4 dxc4) 20. Nc7 $16 {[%emt 0:03:30][%csl LRa8,LRb5] White is more active.} Qa5 21. Nxa8 Bxb2 $2 (21... Nd3 $1 $14) 22. Rab1 $18 Bxc1 23. Bxc1 Nc2 $2 {[%emt 0:03:37] [#]} (23... Na6 {was called for.} 24. Bb2 f6) 24. Bb2 $1 c5 {[%emt 0:10:58] [#]} (24... Qxa2 $2 25. Qf6 $1 (25. Qd1 Na3 $18) 25... Qxb1+ 26. Kh2 Qxb2 27. Qxb2 Rxa8 28. Qxb7 $18) 25. Qf6 $2 Nd4 $1 $14 26. Bxd4 (26. Qxd6 $2 Qxa2 27. Rd1 Qxb2 $19) 26... cxd4 {[%emt 0:00:06] [#]} 27. Rxb7 $1 {[%emt 0:00:56][%cal Ob7e7] And now Re7! would win.} Qe1+ $1 28. Kh2 Qxe4 29. Rxa7 Qxg4 {[%emt 0:10:23] [#]} (29... d3 $1 $14) 30. Nc7 $1 $18 {[%emt 0:04:26] aiming for Ra5.} (30. Qxd6 Qh5+ 31. Kg3 (31. Kg1 Re8 $11) 31... Qg5+ 32. Kh2 Qh5+ 33. Kg1 Re8 $11) 30... d3 {[%emt 0:02:09] [#]} 31. Ne8 $1 Qh5+ 32. Kg3 Qe5+ 33. Qxe5 dxe5 {[%emt 0:00:03][%mdl 4096] Endgame KRN-KR} 34. Nf6+ Kg7 35. Ne4 Kh6 36. Kf3 {[%emt 0:01:20] Black must now prevent Nd6.} f5 37. Nd6 ({White should play} 37. Nd2 $18) 37... e4+ $16 38. Ke3 Rb8 39. Nf7+ (39. Rb7 $16 Ra8 40. Rb2) 39... Kh5 $14 40. Ne5 ({White should try} 40. f3 $16 Rb4 41. Ra6) 40... Rb2 $11 {[%emt 0:00:00] Threatens to win with ...Re2+.} 41. f3 Rxg2 (41... Re2+ $2 42. Kf4 h6 43. g4+ fxg4 44. fxg4+ Kh4 45. Nxg6+ Kh3 46. Ne5 $18 (46. Rd7 Rxa2 47. Ne5 Ra4 $14)) (41... Kg5 $1 $11 42. fxe4 fxe4 43. Kxe4 (43. Rxh7 $2 Re2+ 44. Kd4 d2 $19) 43... Re2+ 44. Kxd3 Rxe5) 42. a4 (42. fxe4 $14 {keeps the upper hand.} fxe4 43. Kxe4 (43. Rxh7+ Kg5 $11)) 42... Kg5 (42... Re2+ $17 43. Kf4 h6) 43. fxe4 {[%emt 0:08:36] The position is equal.} fxe4 44. Kxe4 Re2+ 45. Kxd3 {[%emt 0:00:08] Black defended with fortune.  Weighted Error Value: White=0.38/Black=0.35} 1/2-1/2

[Event "VII Totalizator Sportowy 2022"]
[Site "Bydgoszcz"]
[Date "2022.07.03"]
[Round "9.3"]
[White "Kucza, Karol"]
[Black "Janik, Igor"]
[Result "1/2-1/2"]
[ECO "C68"]
[WhiteElo "2305"]
[BlackElo "2525"]
[Annotator "TA"]
[PlyCount "75"]
[EventDate "2022.06.25"]
[EventType "swiss"]
[EventCountry "POL"]
[SourceTitle "playchess.com"]
[Source "ChessBase"]
[SourceQuality "1"]
[TimeControl "40/5400+30:1800+30"]

1. e4 e5 2. Nf3 Nc6 3. Bb5 a6 4. Bxc6 dxc6 5. O-O Bg4 6. h3 Bh5 7. g4 Bg6 {[%emt 0:00:00] C68: Ruy Lopez: Exchange Variation, sidelines.} 8. Nxe5 Bd6 $1 {[%emt 0:00:15][%mdl 4] is now more promising than 8...Qh4.} 9. Nxg6 hxg6 10. Qf3 f5 11. d4 (11. e5 $14 Bc5 12. Rd1 (12. gxf5 Qg5+ 13. Kh1 Qh4 $14)) 11... Qd7 $11 12. e5 ({Much less strong is} 12. gxf5 gxf5 13. e5 Be7 $16) 12... Be7 13. c3 ({Better is} 13. Rd1 $11) 13... O-O-O {[%emt 0:05:30] [#]} (13... Rh4 $15) 14. g5 $146 ({Predecessor:} 14. Qg2 Rh4 15. f3 fxg4 16. fxg4 Nh6 17. Bxh6 Rxh6 18. Nd2 c5 19. Nb3 cxd4 20. cxd4 {1-0 (46) Manukyan,A (2185)-Israfilov,A (1929) Moscow 2020}) 14... Rh5 15. Kh2 (15. Qg2 $1 $11 {keeps the balance.}) 15... Bxg5 $17 16. Bxg5 Rxg5 17. Nd2 Ne7 $1 18. Rg1 (18. Nb3 $17 Rh8 19. Nc5) 18... Rh5 $1 $19 19. Rg3 {[%emt 0:00:06] [#]} Rdh8 $1 {[%emt 0:01:41][%cal Of5f4] Strongly threatening ...f4!} 20. Rag1 (20. Kg2 $17) 20... f4 ({Black should try} 20... Qe6 $19 21. Nb3 f4 22. Qxf4 Rxh3+ 23. Kg2 R3h4) 21. Rg4 $2 (21. Qxf4 $17 Rxh3+ 22. Kg2) 21... Rxh3+ (21... Qf5 $19 22. h4 g5) 22. Qxh3 $17 Rxh3+ 23. Kxh3 Qf5 24. R1g2 (24. Nf3 $17) 24... Qh5+ 25. Rh4 Qd1 26. f3 Nd5 {[%emt 0:02:25] Threatens to win with ...Ne3.} 27. Rh8+ Kd7 28. Rh7 Ne3 ({And not} 28... Qh1+ 29. Rh2 Qe1 30. Rxg7+ Ne7 31. Ne4 Qf1+ 32. Kg4 Qg1+ 33. Kh3 $11) 29. Rxg7+ {[%emt 0:00:06] [#]} Ke8 $1 30. R7xg6 {[%emt 0:04:49] Intending Rg8+ and mate.} Nxg2 31. Rxg2 $19 {[%emt 0:00:04][%mdl 4096] Endgame KQ-KRN} Qh1+ 32. Rh2 Qa1 33. Rg2 Qxb2 $2 (33... Kf7 $19 {White must now prevent ...a5.} 34. a3 Qh1+ 35. Rh2 Qg1) 34. Ne4 $11 {[%emt 0:00:06] The position is equal.} Qb1 {[%emt 0:00:01] ...Qh1+ is the strong threat.} 35. Kg4 Qh1 36. Rb2 b6 37. Kxf4 Ke7 38. Re2 {[%emt 0:02:53] Weighted Error Value: White=0.39/Black=0.26 (precise)} 1/2-1/2

[Event "VII Totalizator Sportowy 2022"]
[Site "Bydgoszcz"]
[Date "2022.07.03"]
[Round "9.4"]
[White "Jakubowski, Krzysztof"]
[Black "Maksimenko, Andrei"]
[Result "1/2-1/2"]
[ECO "D79"]
[WhiteElo "2475"]
[BlackElo "2434"]
[Annotator "TA"]
[PlyCount "20"]
[EventDate "2022.06.25"]
[EventType "swiss"]
[EventCountry "POL"]
[SourceTitle "playchess.com"]
[Source "ChessBase"]
[SourceQuality "1"]
[TimeControl "40/5400+30:1800+30"]

1. d4 Nf6 2. Nf3 g6 3. g3 Bg7 4. Bg2 O-O 5. O-O c6 6. c4 d5 7. cxd5 cxd5 8. Ne5 Ng4 {[%emt 0:02:01] [#]} 9. Nf3 $146 ({Predecessor:} 9. Bf4 Nc6 10. Nxc6 bxc6 11. h3 e5 12. Bc1 Nf6 13. dxe5 Ne4 14. Nd2 Nxd2 15. Bxd2 Bxe5 16. Rc1 Qb6 17. Qa4 Qxb2 {½-½ (54) Artemiev,V (2699)-Radjabov,T (2763) chess24.com INT 2021}) 9... Nf6 10. Ne5 Ng4 $1 {[%emt 0:00:06][%mdl 4] 10...Ng4 is a critical line.} 1/2-1/2

[Event "VII Totalizator Sportowy 2022"]
[Site "Bydgoszcz"]
[Date "2022.07.03"]
[Round "9.5"]
[White "Prokofiev, Valentyn"]
[Black "Gumularz, Szymon"]
[Result "1/2-1/2"]
[ECO "A46"]
[WhiteElo "2362"]
[BlackElo "2513"]
[Annotator "TA"]
[PlyCount "87"]
[EventDate "2022.06.25"]
[EventType "swiss"]
[EventCountry "POL"]
[SourceTitle "playchess.com"]
[Source "ChessBase"]
[SourceQuality "1"]
[TimeControl "40/5400+30:1800+30"]

1. d4 {[%emt 0:00:01] Marin,M} Nf6 2. Nf3 e6 3. c4 d5 4. e3 b6 5. b3 Bb7 6. Bd3 Bd6 7. O-O Nbd7 8. Bb2 O-O 9. Nc3 a6 10. Rc1 Qe7 11. Na4 dxc4 12. bxc4 c5 {[%emt 0:01:06] E14: Queen's Indian: Classical Variation (4 e3).} 13. Ne5 cxd4 14. exd4 Rfd8 15. Qe2 {[%emt 0:07:17] [#]} Qe8 $146 (15... b5 $11) ({Predecessor:} 15... Ba3 16. Nxd7 Qxd7 17. Bxa3 Qxa4 18. Bb2 Qc6 19. f3 b5 20. cxb5 Qb6 21. a4 axb5 22. axb5 {1-0 (58) Marin,M (2544)-Nevednichy,V (2525) Porto Mannu 2018 CBM 185 [Marin,M]}) 16. f4 $1 $14 Be7 17. Nc3 (17. f5 $16 {Threatens to win with fxe6.} Nxe5 18. dxe5 Qxa4 19. fxe6 (19. exf6 Bc5+ 20. Kh1 Qc6 $11) 19... Bc5+ 20. Kh1) 17... Nf8 18. Rcd1 (18. Nb1 $14) 18... Rxd4 $11 19. Nd5 Rxd5 20. cxd5 Bc5+ 21. Kh1 {[%emt 0:01:10] [#] And now dxe6 would win.} Nxd5 {[%emt 0:01:51] ...Ne3 is the strong threat.} 22. Be4 $1 f5 23. Bxd5 Bxd5 24. Bd4 Bxd4 25. Rxd4 Nd7 26. Nc4 b5 27. Nd6 Qg6 (27... Qf8 $2 {[#]} 28. Rxd5 $1 exd5 29. Qe6+ Kh8 30. Nf7+ Kg8 31. Ne5+ Kh8 32. Qxd7 $18) 28. Rc1 Rd8 {[%emt 0:01:51] aiming for ...Nb6.} 29. Rc8 {[%emt 0:05:45] The position is equal.} Rxc8 30. Nxc8 {[%emt 0:00:05] Black must now prevent Ne7+.} Qf6 {[%emt 0:01:16] Against Ne7+} 31. Rxd5 exd5 {[%emt 0:00:18][%mdl 4096] Endgame KQN-KQN} 32. Qe8+ Nf8 {[%emt 0:00:13] ( -> ...Qa1+)} 33. Ne7+ $1 Kh8 34. h3 g6 35. Nxd5 Qa1+ 36. Kh2 {[%emt 0:00:07][%cal Re8f8] Active counter play!} Qg7 37. Qc6 Qf7 38. Qc3+ Kg8 39. Nf6+ Kh8 40. Ne8+ Kg8 41. Nf6+ Kh8 42. Ng4+ Qg7 43. Ne5 Kg8 $1 44. Qb3+ {[%emt 0:11:50] Weighted Error Value: White=0.10 (very precise) /Black=0.06 (flawless)} 1/2-1/2

[Event "VII Totalizator Sportowy 2022"]
[Site "Bydgoszcz"]
[Date "2022.07.03"]
[Round "9.6"]
[White "Lewtak, Damian"]
[Black "Sernecki, Franciszek"]
[Result "1-0"]
[ECO "A05"]
[WhiteElo "2384"]
[BlackElo "2272"]
[Annotator "TA"]
[PlyCount "75"]
[EventDate "2022.06.25"]
[EventType "swiss"]
[EventCountry "POL"]
[SourceTitle "playchess.com"]
[Source "ChessBase"]
[SourceQuality "1"]
[TimeControl "40/5400+30:1800+30"]

1. Nf3 Nf6 2. e3 e6 3. b3 d5 4. Bb2 Be7 5. g3 O-O 6. Bg2 {[%emt 0:00:04] A06: Réti Opening: 1 Nf3 d5.} b6 7. O-O Bb7 8. Ne5 {[%emt 0:02:52] The position is equal.} c5 9. d3 Nc6 10. Nxc6 Bxc6 11. Nd2 {[%emt 0:00:05][%cal Bb1d2,Bd2f3,Bf3e5][%mdl 32] [#]} Nd7 $146 ({Predecessor:} 11... Rc8 12. f4 c4 13. bxc4 dxc4 14. Bxc6 c3 15. Bxc3 Rxc6 16. Bd4 Nd5 17. c4 Nb4 {1-0 (52) Omeri,S (2255)-Ballista,M (2080) Treviso Lega 2018}) 12. f4 Bf6 13. d4 Rc8 14. Nf3 g6 15. Ne5 $1 Bb7 16. g4 Bg7 17. g5 (17. a4 {is interesting.} Qc7 18. Qe2 cxd4 19. Nxd7 d3 20. cxd3 Qxd7 21. Bxg7 Kxg7 22. Qb2+) 17... cxd4 18. exd4 Nxe5 19. dxe5 h6 20. h4 h5 21. Bd4 Re8 22. c3 Bf8 23. b4 Ba6 24. Rf2 Qd7 25. a4 Bc4 26. a5 b5 27. Bf3 a6 {[%emt 0:00:28] Loses the game.} (27... Rc6 $14) 28. Rg2 $18 Bg7 29. Rg3 Rc7 (29... Qc6 $142) 30. Rb1 Qc6 31. Rb2 Qb7 $2 (31... Ree7 {was called for.} 32. Kh2 Rc8) 32. Rbg2 Ree7 {[%emt 0:02:57] [#]} 33. Bxh5 $1 gxh5 (33... Qc8 $142 34. Bg4 Red7) (33... Kf8 34. Bg4) 34. Qxh5 {[%emt 0:00:06] aiming for g6.} Bb3 35. g6 fxg6 36. Rxg6 {[%emt 0:00:13][%cal Bg3g6,Bg6h6,Bh6h8][%mdl 32] Intending Rh6 and mate.} Qc8 37. Rh6 Bc2 38. Rh8# {[%emt 0:00:10] Weighted Error Value: White=0.06 (flawless) /Black=0.49} 1-0